 Dungeon Crawl Stone Soup version 0.21-a0-440-g28109cb (webtiles) character file.

6632 tof the Carver (level 10, -3/120 HPs)
             Began as a Demonspawn Berserker on Nov 10, 2017.
             Was a High Priest of Trog.
             Killed by divine providence
             ... invoked by an orc priest
              (12 damage)
             ... on level 9 of the Dungeon.
             The game lasted 00:23:41 (8374 turns).

tof the Carver (Demonspawn Berserker)               Turns: 8374, Time: 00:23:42

Health: -3/120     AC: 13    Str: 28    XL:     10   Next: 72%
Magic:  10/10      EV: 18    Int:  8    God:    Trog [*****.]
Gold:   476        SH:  0    Dex: 16    Spells: 9/9 levels left

rFire    . . .     SeeInvis +   S - +4 falchion
rCold    . . .     Gourm    .   (no shield)
rNeg     . . .     Faith    .   T - +2 chain mail {MR+}
rPois    +         Spirit   .   G - -5 helmet of Makhleb's Pride {Regen+ Str+5} (curse)
rElec    .         Reflect  .   t - +0 cloak
rCorr    .         Harm     .   I - +0 pair of gloves
MR       +++..                  (no boots)
Stlth    ..........             (no amulet)
HPRegen  7.70/turn              d - +5 ring of evasion
MPRegen  0.12/turn              R - ring of Conformity {rPois SInv}

@: mighty, berserking, regenerating, very quick
A: hooves 2, thin metallic scales 1, powered by death 2, powered by pain 1
a: Berserk, Trog's Hand, Brothers in Arms, Burn Spellbooks, Renounce Religion


You were on level 9 of the Dungeon.
You worshipped Trog.
Trog was extremely pleased with you.
You were very hungry.

You visited 1 branch of the dungeon, and saw 9 of its levels.
You also visited: Sewer.

You collected 476 gold pieces.

Inventory:

Hand Weapons
 S - a +4 falchion (weapon)
Missiles
 o - 2 javelins (quivered)
 y - 19 poisoned needles
 J - 2 needles of sleeping
Armour
 t - a +0 cloak (worn)
 G - the cursed -5 helmet of Makhleb's Pride (worn) {Regen+ Str+5}
   (You took it off Robin on level 4 of the Dungeon)

   It affects your strength (+5).
   It increases your rate of regeneration.
   It has a curse placed upon it.
 I - a +0 pair of gloves (worn)
 T - a +2 chain mail of magic resistance (worn)
Jewellery
 b - a +1 ring of protection
 d - a +5 ring of evasion (left hand)
 n - an uncursed ring of positive energy
 R - the ring of Conformity (right hand) {rPois SInv}
   (You found it on level 7 of the Dungeon)

   [ring of see invisible]

   It protects you from poison.
   It lets you see invisible.
Wands
 z - a wand of confusion (24/48)
 B - a wand of confusion (23/48)
 K - a wand of polymorph (1/24)
 M - a wand of iceblast (9/15)
 N - a wand of polymorph (17/24)
Scrolls
 f - 6 scrolls of teleportation
 i - a scroll of magic mapping
 k - a scroll of recharging
 s - 3 scrolls of enchant armour
 A - 2 scrolls of noise {unknown}
 D - 2 scrolls of immolation {unknown}
 E - 2 scrolls of fog
 H - 3 scrolls of enchant weapon {unknown}
 L - 7 scrolls of remove curse
 O - 2 scrolls of identify
Potions
 e - 4 potions of ambrosia {unknown}
 g - 7 potions of flight {unknown}
 h - 4 potions of heal wounds
 j - 2 potions of might {unknown}
 l - a potion of agility {unknown}
 p - 3 potions of mutation {unknown}
 v - a potion of cancellation {unknown}
 w - 2 potions of curing
 C - a potion of brilliance {unknown}
 F - 2 potions of lignification {unknown}
 P - a potion of degeneration {unknown}
 Q - a potion of invisibility {unknown}
Miscellaneous
 a - a phial of floods
Comestibles
 c - 3 bread rations
 m - 6 fruits
 q - 5 chunks of flesh
 r - 2 royal jellies
 x - 5 meat rations


   Skills:
 + Level 8.0 Fighting
 * Level 10.0 Long Blades
 + Level 6.9 Armour
 + Level 7.0 Dodging


You had 9 spell levels left.
You didn't know any spells.

Dungeon Overview and Level Annotations

Branches:
Dungeon (9/15)             Temple (0/1) D:7             Orc (0/2) D:9
   Lair: D:8-11

Altars:
Okawaru
Uskayaw
Beogh

Annotations:
D:6 1 exclusion


Innate Abilities, Weirdness & Mutations

You have hoof-like feet.
You are partially covered in thin metallic scales. (AC +2)
You regenerate health from kills.
You sometimes gain a little power by taking damage.


Message History

You kill the orc warrior!
Trog accepts your kill.
Your Fighting skill increases to level 8!
Your Long Blades skill increases to level 10!
Your skin crawls.
You feel resistant to hostile enchantments.
You are feeling hungry.
The orc warrior hits you with a hand axe!
* * * LOW HITPOINT WARNING * * *
The orc priest calls down the wrath of Beogh upon you.
Beogh smites you!
* * * LOW HITPOINT WARNING * * *
A red film seems to cover your vision as you go berserk!
You feel yourself moving faster!
You feel mighty!
You are feeling very hungry.
The orc warrior hits you with a hand axe.
* * * LOW HITPOINT WARNING * * *
The orc priest invokes the aid of Beogh against you.
Beogh smites you!
You die...

.............................#
.............................#
.............................#
......................>......#
........................)....#
...#############..############
...# #..#o....# ...#
#.o8oo...# ...# #@ooooo..#
...# #..8ooo..# ...#
#..#ooo..# ...# #..#ooo..#
#..#8._.># #..#o....#
#..#.o...# #..8..⌠..#


You could see 2 orc warriors, 4 orc priests and 11 orcs.

Vanquished Creatures
  A two-headed ogre (D:8)
  The ghost of zkyp the Cleaver, a novice HOAs of Okawaru (D:8)
  Pikel (D:8)
  A troll (D:6)
  A hippogriff (D:8)
  Grinder (D:6)
  Sigmund (D:4)
  A wyvern (D:8)
  Grum (D:8)
  Duvessa (D:4)
  2 ice beasts (D:6)
  5 orc warriors
  2 phantoms
  2 sky beasts
  4 wolves (D:8)
  3 centaurs
  2 big kobolds
  2 bullfrogs
  Blork the orc (D:6)
  Dowan (D:4)
  5 scorpions
  3 wights (D:8)
  11 killer bees
  2 howler monkeys
  2 crimson imps
  4 hounds
  5 orc priests
  4 orc wizards
  8 iguanas
  2 centaur skeletons
  Ijyb (D:3)
  7 worker ants
  A hound zombie (D:8)
  Robin (D:4)
  3 gnolls (D:3)
  A howler monkey skeleton (D:4)
  2 worker ant zombies
  14 adders
  3 river rats (Sewer)
  A shadow imp (D:6)
  3 oozes
  An adder skeleton (D:4)
  An adder zombie (D:3)
  4 worms
  A dart slug (D:1)
  8 leopard geckos
  15 orcs
  A ball python (D:6)
  10 bats
  2 giant cockroaches (D:3)
  17 goblins
  10 hobgoblins
  8 jackals
  29 kobolds
  3 quokkas
  4 frilled lizards
  A jackal zombie (D:5)
  A leopard gecko zombie (D:5)
  16 rats
249 creatures vanquished.

Vanquished Creatures (others)
  4 slaves (D:8)
4 creatures vanquished.

Grand Total: 253 creatures vanquished

Notes
Turn   | Place    | Note
-------+----------+-------------------------------------------
     0 | D:1      | tof the Demonspawn Berserker began the quest for the Orb.
     0 | D:1      | Reached XP level 1. HP: 18/18 MP: 1/1
   457 | D:1      | Reached skill level 3 in Long Blades
   457 | D:1      | Gained mutation: You regenerate a little health from kills. [demonic ancestry]
   457 | D:1      | Reached XP level 2. HP: 19/24 MP: 2/2
  1302 | D:2      | Found a hide-covered altar of Uskayaw.
  1312 | D:2      | Reached XP level 3. HP: 28/29 MP: 3/3
  2473 | D:3      | Gained mutation: You regenerate health from kills. [demonic ancestry]
  2473 | D:3      | Reached XP level 4. HP: 24/35 MP: 4/4
  2504 | D:3      | Reached ** piety under Trog
  2525 | D:3      | Found a glowing drain.
  2561 | Sewer    | Entered a sewer
  2697 | Sewer    | Noticed a big kobold
  2721 | Sewer    | Gained mutation: You have large cloven feet. [demonic ancestry]
  2721 | Sewer    | Reached XP level 5. HP: 42/42 MP: 5/5
  2832 | Sewer    | Reached skill level 4 in Long Blades
  2932 | Sewer    | Found a white marble altar of Elyvilon.
  3384 | D:3      | Gained mutation: You sometimes gain a little power by taking damage. [demonic ancestry]
  3384 | D:3      | Reached XP level 6. HP: 39/48 MP: 6/6
  3560 | D:3      | Noticed Ijyb
  3594 | D:3      | Killed Ijyb
  3855 | D:4      | Noticed Robin
  3868 | D:4      | Reached *** piety under Trog
  3880 | D:4      | Killed Robin
  3890 | D:4      | Got a twisted helmet
  3933 | D:4      | Reached skill level 5 in Long Blades
  3933 | D:4      | Gained mutation: You are partially covered in thin metallic scales. (AC +2) [demonic ancestry]
  3933 | D:4      | Reached XP level 7. HP: 42/55 MP: 7/7
  3975 | D:4      | Noticed Sigmund
  3981 | D:4      | Killed Sigmund
  4046 | D:4      | Identified the cursed -5 helmet of Makhleb's Pride {Regen+ Str+5} (You took it off Robin on level 4 of the Dungeon)
  4322 | D:4      | Found an iron altar of Okawaru.
  4323 | D:4      | Noticed Duvessa
  4325 | D:4      | Noticed Dowan
  4431 | D:4      | Killed Duvessa
  4439 | D:4      | Killed Dowan
  4632 | D:5      | Entered Level 5 of the Dungeon
  4804 | D:5      | Reached skill level 5 in Fighting
  4843 | D:5      | Reached skill level 6 in Long Blades
  4843 | D:5      | Reached XP level 8. HP: 61/62 MP: 8/8
  5189 | D:6      | Noticed Blork the orc
  5202 | D:6      | Killed Blork the orc
  5440 | D:6      | Noticed Grinder
  5455 | D:6      | Killed Grinder
  5455 | D:6      | Reached skill level 7 in Long Blades
  5544 | D:6      | Noticed a troll
  5568 | D:6      | Killed a troll
  5568 | D:6      | Reached skill level 5 in Armour
  5568 | D:6      | Reached skill level 5 in Dodging
  5692 | D:6      | Reached XP level 9. HP: 69/69 MP: 9/9
  6185 | D:7      | Got a fine bone ring
  6188 | D:7      | Identified the ring of Conformity {rPois SInv} (You found it on level 7 of the Dungeon)
  6369 | D:7      | Reached **** piety under Trog
  6382 | D:7      | Found a staircase to the Ecumenical Temple.
  6584 | D:7      | Reached skill level 8 in Long Blades
  6981 | D:8      | Noticed Pikel
  7007 | D:8      | Killed Pikel
  7009 | D:8      | Noticed zkyp's ghost (novice HOAs)
  7047 | D:8      | Killed zkyp's ghost
  7137 | D:8      | Gained mutation: You have hoof-like feet. [demonic ancestry]
  7137 | D:8      | Reached XP level 10. HP: 67/79 MP: 10/10
  7144 | D:8      | Reached skill level 9 in Long Blades
  7380 | D:8      | Noticed Grum
  7393 | D:8      | Killed Grum
  7417 | D:8      | Noticed a two-headed ogre
  7424 | D:8      | Killed a two-headed ogre
  8197 | D:9      | Reached ***** piety under Trog
  8355 | D:9      | Found a roughly hewn altar of Beogh.
  8355 | D:9      | Found a staircase to the Orcish Mines.
  8372 | D:9      | Reached skill level 10 in Long Blades
  8373 | D:9      | HP: 2/80 [orc priest/divine providence (13)]
  8374 | D:9      | Killed from afar by an orc priest

Vault maps used:
D:1:      minmay_arrival_five_plusses
D:2:      eat_drink_and_be_merry_uskayaw
D:3:      cheibrodos_sewer_entry_drain, uniq_ijyb
D:4:      okawaru_gym_becter, uniq_robin, uniq_duvessa, uniq_sigmund
D:5:      first_bread, hex_intersection
D:6:      cheibrodos_two_vegetables, minmay_misc_feat_four_crosses,
          uniq_blork_the_orc, uniq_grinder
D:7:      temple_doors_e, minmay_misc_feat_secret_circle
D:8:      uniq_pikel, uniq_grum
D:9:      kennysheep_kobold_camp, david_orc_5, blue_anna_alchemist
Sewer:    sewer_kobolds

Skill      XL: |  1  2  3  4  5  6  7  8  9 10 |
---------------+-------------------------------+-----
Long Blades    | 3 4 5 6 7 8 10 | 10.0
Armour         | 2 3 4 5 6 |  6.9
Dodging        | 2 3 4 5 6 7 |  7.0
Fighting       | 4 5 6 7 8 |  8.0

Action                   |  1- 3 |  4- 6 |  7- 9 | 10-12 || total
-------------------------+-------+-------+-------+-------++-------
Melee: Falchion          |    84 |       |       |   134 ||   218
       Long sword        |    25 |   224 |   284 |    28 ||   561
       Kick              |       |    49 |   126 |    86 ||   261
       Unarmed           |       |       |    18 |       ||    18
Throw: Javelin           |    15 |       |     7 |     2 ||    24
Invok: Trog's Hand       |       |       |     4 |     1 ||     5
       Berserk           |       |       |     2 |     1 ||     3
  Use: Scroll            |       |     4 |     4 |     1 ||     9
 Stab: Sleeping          |     1 |       |       |       ||     1
       Distracted        |       |     1 |       |       ||     1
  Eat: Chunk             |     5 |     5 |    10 |     4 ||    24
       Bread ration      |       |       |     1 |       ||     1
Armor: Animal skin       |     5 |       |       |       ||     5
       Leather armour    |    30 |       |       |       ||    30
       Ring mail         |     4 |   108 |    61 |    19 ||   192
       Skin              |       |       |     2 |       ||     2
       Chain mail        |       |       |       |    13 ||    13
Dodge: Dodged            |    94 |   153 |   275 |   182 ||   704
       Rpst.: Falchion   |    27 |       |       |    48 ||    75
       Long sword        |     9 |    43 |    72 |    12 ||   136

Table legend:
 A = Spawn XP
 B = Non-spawn XP
 C = Spawn XP percentage of total XP
 D = Spawn monster count
 E = Non-spawn monster count
 F = Spawn count percentage of total count
 G = Total turns spent on level
                    A         B        C        D         E        F      G
               +---------+---------+-------+---------+---------+-------+---------
         Total |       0 |    9475 |   0.0 |       0 |     249 |   0.0 |  8374
               +---------+---------+-------+---------+---------+-------+---------
           D:1 |       0 |      36 |   0.0 |       0 |      18 |   0.0 |  1242
           D:2 |       0 |      49 |   0.0 |       0 |      20 |   0.0 |  1204
           D:3 |       0 |     227 |   0.0 |       0 |      37 |   0.0 |  1039
           D:4 |       0 |     841 |   0.0 |       0 |      31 |   0.0 |   733
           D:5 |       0 |     233 |   0.0 |       0 |       7 |   0.0 |   394
           D:6 |       0 |    1481 |   0.0 |       0 |      28 |   0.0 |  1083
           D:7 |       0 |     979 |   0.0 |       0 |      16 |   0.0 |   837
           D:8 |       0 |    4592 |   0.0 |       0 |      40 |   0.0 |   885
           D:9 |       0 |     884 |   0.0 |       0 |      40 |   0.0 |   543
         Sewer |       0 |     153 |   0.0 |       0 |      12 |   0.0 |   414
               +---------+---------+-------+---------+---------+-------+---------
